 Dungeon Crawl Stone Soup version 0.26-a0-663-g36e8fdb655 (webtiles) character file.

Game seed: 17420928284426888532

2696 grandjackal the Skirmisher (level 9, -4/73 HPs)
             Began as a Demonspawn Gladiator on Oct 11, 2020.
             Was an Initiate of Cheibriados.
             Slain by an orc warrior
             ... wielding a +0 battleaxe
              (12 damage)
             ... on level 6 of the Dungeon.
             The game lasted 00:08:58 (9377 turns).

grandjackal the Skirmisher (Demonspawn Gladiator)   Turns: 9377, Time: 00:09:00

Health: -4/73      AC:  6    Str: 20    XL:     9   Next: 38%
Magic:  10/10      EV: 16    Int: 10    God:    Cheibriados [......]
Gold:   353        SH:  0    Dex: 15    Spells: 8/8 levels left

rFire    . . .     SeeInvis +   n - +0 scimitar
rCold    . . .     Faith    .   (no shield)
rNeg     . . .     Spirit   .   b - +0 leather armour
rPois    .         Reflect  .   A - +1 helmet
rElec    .         Harm     .   p - +0 cloak
rCorr    .         Rampage  .   (no gloves)
MR       .....                  (no boots)
Stlth    +.........             (no amulet)
HPRegen  0.22/turn              a - ring of see invisible
MPRegen  0.12/turn              f - ring of flight

@: very slow
A: claws 1, foul stench 1, rot immunity, sturdy frame 1
a: Bend Time, Renounce Religion, Evoke Flight


You were on level 6 of the Dungeon.
You worshipped Cheibriados.
Cheibriados was noncommittal.
You visited 2 branches of the dungeon, and saw 7 of its levels.

You collected 353 gold pieces.

Inventory:

Hand Weapons
 n - a +0 scimitar (weapon)
Missiles
 d - a throwing net
 q - 2 curare-tipped darts (quivered)
Armour
 b - a +0 leather armour (worn)
 p - a +0 cloak (worn)
 A - a +1 helmet (worn)
Jewellery
 a - a ring of see invisible (left claw)
 f - a ring of flight (right claw)
 x - an uncursed ring of resist corrosion {unknown}
 B - an uncursed ring of resist corrosion {unknown}
Wands
 D - a wand of disintegration (15)
Scrolls
 c - a scroll of amnesia {unknown}
 e - a scroll of fear {unknown}
 g - 4 scrolls of teleportation {unknown}
 h - 7 scrolls of remove curse {unknown}
 i - 3 scrolls of enchant armour {unknown}
 k - 2 scrolls of random uselessness {unknown}
 l - 2 scrolls of immolation {unknown}
 m - a scroll of blinking {unknown}
 o - a scroll of magic mapping {unknown}
 y - a scroll of fog {unknown}
Potions
 j - 4 potions of flight
 r - a potion of cancellation {unknown}
 s - 2 potions of brilliance
 t - a potion of magic
 u - a potion of curing {unknown}
 v - 5 potions of stabbing {unknown}
 w - a potion of mutation {unknown}
 z - 2 potions of haste
 C - a potion of resistance {unknown}


   Skills:
 + Level 7.6 Fighting
 - Level 3.1 Long Blades
 - Level 1.7 Throwing
 + Level 3.9 Armour
 - Level 6.0 Dodging
 + Level 6.4 Unarmed Combat
 + Level 1.3 Invocations


You had 8 spell levels left.
You didn't know any spells.
Your spell library was empty.

Dungeon Overview and Level Annotations

Branches:
Dungeon (6/15)             Temple (1/1) D:6

Altars:
Ashenzari
Cheibriados
Elyvilon
Fedhas
Gozag
Kikubaaqudgha
Makhleb
Nemelex Xobeh
Okawaru
Sif Muna
Trog
Uskayaw
Vehumet
Yredelemnul
Zin


Innate Abilities, Weirdness & Mutations

You have sharp fingernails.
You may emit foul miasma when damaged in melee.
You are immune to rotting.
Your movements are slightly less encumbered by armour. (ER -2)


Message History

The orc warrior is moderately wounded.
The orc warrior hits you with a +0 battleaxe.
* * * LOW HITPOINT WARNING * * *
The orc barely misses you.
Unknown command.
Quiver which item? (- for none, * to show all) (? for menu, Esc to quit)
Quivering
q - 3 curare-tipped darts for throwing.
Throwing (i - inventory. (/) - cycle)
q - 3 curare-tipped darts (quivered)
Press: ? - help, Shift-Dir - straight line, f - orc warrior
Aim: an orc warrior, wielding a +0 battleaxe and wearing a +0 plate armour (moderately wounded, sick)
You throw a curare-tipped dart.
The curare-tipped dart hits the orc warrior.
The orc warrior is poisoned.
The orc warrior convulses.
The orc warrior seems to slow down.
The orc warrior is heavily wounded.
The orc misses you.
You riposte.
You slash the orc!
You kill the orc!
Cheibriados appreciates the change of pace.
The orc warrior hits you with a +0 battleaxe!
You die...

######## #......#
#.####.# #####
#.####.####..@#
#.#.........#o[oohh..
#.#.##.####...######.
#......# #####
##...### #......#
##...#.# #####
##.##.# ..... ####.##
.....( ##


You could see an orc warrior (very poisoned, slow, sick), an orc priest, an orc
wizard (fast) and 2 jackals.

Vanquished Creatures
  A two-headed ogre (D:5)
  2 ice beasts
  2 sky beasts (D:5)
  6 ogres
  2 centaurs
  3 bullfrogs (D:6)
  Blork the orc (D:4)
  A scorpion (D:4)
  A bullfrog zombie (D:5)
  A bullfrog skeleton (D:5)
  A hound (D:5)
  2 jellies
  5 orc wizards
  2 iguanas
  Natasha (thrice) (D:4)
  5 worker ants
  A hound skeleton (D:4)
  3 gnolls (D:3)
  7 adders
  A shadow imp (D:6)
  An ooze (D:2)
  An adder zombie (D:5)
  3 worms
  A dart slug (D:2)
  3 leopard geckos
  17 orcs
  4 giant cockroaches
  9 goblins
  7 hobgoblins
  9 jackals
  9 kobolds
  A quokka (D:3)
  7 bats
  4 frilled lizards
  A jackal skeleton (D:5)
  A jackal zombie (D:5)
  A quokka skeleton (D:5)
  8 rats
137 creatures vanquished.

Notes
Turn   | Place    | Note
-------+----------+-------------------------------------------
     0 | D:1      | grandjackal the Demonspawn Gladiator began the quest for
                  | the Orb.
     0 | D:1      | Reached XP level 1. HP: 16/16 MP: 1/1
   173 | D:1      | Gained mutation: You are immune to rotting. [demonic
                  | ancestry]
   173 | D:1      | Reached XP level 2. HP: 21/22 MP: 2/2
  1344 | D:2      | Gained mutation: You have sharp fingernails. [demonic
                  | ancestry]
  1344 | D:2      | Reached XP level 3. HP: 27/28 MP: 3/3
  2151 | D:2      | Reached skill level 1 in Unarmed Combat
  2151 | D:2      | Reached XP level 4. HP: 29/34 MP: 4/4
  2233 | D:2      | Found a faded altar of an unknown god.
  2619 | D:3      | Reached skill level 3 in Fighting
  3067 | D:3      | Gained mutation: You may emit foul miasma when damaged in
                  | melee. [demonic ancestry]
  3067 | D:3      | Reached XP level 5. HP: 31/41 MP: 5/5
  3724 | D:4      | Noticed an ogre
  3985 | D:4      | Noticed an ogre
  4002 | D:4      | Killed an ogre
  4002 | D:4      | Reached skill level 4 in Fighting
  4002 | D:4      | Reached XP level 6. HP: 13/48 MP: 6/6
  4584 | D:4      | Noticed Natasha
  4600 | D:4      | Killed Natasha
  4823 | D:4      | Noticed Blork the orc
  4834 | D:4      | Killed Blork the orc
  4834 | D:4      | Reached XP level 7. HP: 52/55 MP: 7/7
  5263 | D:4      | Reached skill level 5 in Fighting
  5263 | D:4      | Reached skill level 5 in Dodging
  5306 | D:4      | Noticed Natasha
  5312 | D:4      | Killed Natasha
  5911 | D:4      | Found a bloodstained altar of Trog.
  6051 | D:4      | Noticed Natasha
  6607 | D:4      | Killed Natasha
  6637 | D:5      | Entered Level 5 of the Dungeon
  6749 | D:5      | Reached XP level 8. HP: 64/64 MP: 8/8
  7084 | D:5      | Reached skill level 6 in Fighting
  7410 | D:5      | Noticed a two-headed ogre
  7430 | D:4      | Reached skill level 5 in Unarmed Combat
  7651 | D:5      | Reached skill level 1 in Armour
  7780 | D:5      | Killed a two-headed ogre
  7780 | D:5      | Reached skill level 7 in Fighting
  7780 | D:5      | Gained mutation: Your movements are slightly less
                  | encumbered by armour. (ER -2) [demonic ancestry]
  7780 | D:5      | Reached XP level 9. HP: 52/72 MP: 9/9
  8856 | D:6      | Found a staircase to the Ecumenical Temple.
  8879 | Temple   | Entered the Ecumenical Temple
  9179 | Temple   | Became a worshipper of Cheibriados the Contemplative
  9226 | D:6      | Reached skill level 1 in Invocations
  9377 | D:6      | Slain by an orc warrior

Illustrated notes

Levels and vault maps discovered:
D:1:      kennysheep_arrival_forest, layout_basic, minmay_misc_feat_rows,
          chequers_serial_rivers_room_a, dk_noncrumbling_2, grunt_decor_clamped
D:2:      layout_loops_corners, chequers_ecumenical_altar_grove
D:3:      layout_basic, hangedman_decor_riveting
D:4:      layout_gridville, marbit_many_paths, uniq_natasha, uniq_blork_the_orc
D:5:      layout_gridville, minmay_divided_ellipse
D:6:      layout_loops_cross, kennysheep_mini_moat, minmay_temple_entry_glass,
          serial_bayou_pond_a
Temple:   minmay_temple_curvy_branch

Skill      XL: |  1  2  3  4  5  6  7  8  9 |
---------------+----------------------------+-----
Long Blades    | 3 |  3.1
Dodging        | 3 4 5 6 |  6.0
Unarmed Combat | 1 2 3 4 6 |  6.4
Fighting       | 3 4 5 7 |  7.6
Armour         | 3 |  3.9
Invocations    | 1 |  1.3
Throwing       | |  1.7

Action                   |  1- 3 |  4- 6 |  7- 9 || total
-------------------------+-------+-------+-------++-------
Melee: Long sword        |   110 |   149 |       ||   259
       Scimitar          |       |       |   227 ||   227
       Punch             |       |       |    12 ||    12
Throw: Throwing net      |       |     2 |     3 ||     5
       Dart              |       |       |     1 ||     1
  Use: Scroll            |       |     3 |     2 ||     5
       Potion            |       |     2 |       ||     2
 Stab: Held in net/web   |       |     2 |     1 ||     3
       Sleeping          |       |     1 |     1 ||     2
       Invisible         |       |     1 |       ||     1
Armor: Leather armour    |    30 |    54 |    51 ||   135
Dodge: Dodged            |    81 |   134 |   176 ||   391
       Rpst.: Long sword |    24 |    48 |       ||    72
       Scimitar          |       |       |    39 ||    39

Table legend: (Time is in decaauts)
 A = Elapsed time spent in this place.
 B = Non-inter-level travel time spent in this place.
 C = Inter-level travel time spent in this place.
 D = Time resting spent in this place.
 E = Time spent auto-exploring this place.
 F = Levels seen in this place.
 G = Mean time per level.
                   A        B        C        D        E       F      G
               +--------+--------+--------+--------+--------+-----+--------+
         Total |   9544 |   8993 |    551 |   3111 |   4515 |   7 | 1363.4 |
       Dungeon |   9211 |   8691 |    520 |   3111 |   4293 |   6 | 1535.2 |
        Temple |    332 |    301 |     31 |      0 |    222 |   1 |  332.0 |
               +--------+--------+--------+--------+--------+-----+--------+

Top non-repeatable levels by time:
     D:4: 2987 daAuts
     D:5: 1761 daAuts
     D:2: 1570 daAuts
     D:1: 1294 daAuts
     D:3: 1101 daAuts
     D:6: 496 daAuts
  Temple: 332 daAuts
